Map: Terraços Prion

Players

Negan

  • Race: Zerg Zerg
  • League: Master

TheZergLord - Winner!

  • Race: Zerg Zerg
  • League: Master

VOD

Have the link to the VOD?

Description

Time

  • Played on: Feb. 18, 2016, 5:09 a.m.
  • Length: 9:42
Show
View Real Time Build Order
Export as new Build Order

Negan Zerg 

Build Orders: Pool First 

Get SALT Encoding   

  12  0:02  Drone  
  13  0:09  Extractor  
  12  0:25  Spawning Pool  
  11  0:31  Drone  
  12  0:42  Overlord  
  12  1:12  Metabolic Boost  
  12  1:13  Queen  
  14  1:20  Overlord  
  14  1:30  Zergling x4  
  16  1:35  Zergling x2  
  17  1:43  Zergling x2  
  18  1:54  Zergling x2  
  19  2:15  Hatchery  
  18  2:19  Zergling x2  
  19  2:25  Zergling x2  
  19  2:29  Zergling x2  
  21  2:38  Zergling x4  
  23  2:48  Zergling x2  
  24  2:52  Zergling x2  
  25  3:01  Zergling x4  
  27  3:09  Drone x2  
  28  3:35  Drone x5  
  31  3:56  Spine Crawler, Queen  
  32  4:03  Drone x2  
  32  4:09  Overlord  
  34  4:46  Zergling x2  
  34  4:47  Zergling x18  
  28  5:17  Drone x5  
  28  5:18  Drone x3  
  28  5:20  Roach Warren  
  35  5:27  Extractor  
  34  5:29  Lair  
  34  5:37  Drone x2  
  34  5:38  Drone  
  37  5:43  Overlord  
  37  5:51  Drone  
  37  5:52  Drone x3  
  37  5:57  Overlord  
  41  6:01  Roach  
  41  6:12  Roach x3  
  41  6:17  Roach x2  
  51  6:20  Roach  
  51  6:24  Roach  
  55  6:26  Roach  
  55  6:29  Glial Reconstitution  
  59  6:32  Roach  
  59  6:42  Zergling x2, Overlord  
  59  6:43  Overlord  
  59  6:45  Overlord  
  60  7:08  Roach x7  
  71  7:27  Roach x3  
  71  7:28  Roach  
  79  7:32  Hatchery  
  78  7:51  Zergling x12  
  79  7:55  Overseer  
  79  7:56  Overlord x2  
  83  8:10  Overlord x2  
  83  8:11  Overlord x2  
  67  8:31  Roach x6  
  76  8:44  Roach  
  76  8:45  Roach x7  
  90  8:50  Drone x2  
  90  8:54  Extractor  
  90  8:58  Roach  
  90  8:59  Queen, Roach  
  96  9:04  Drone  
  97  9:11  Roach x2  
  97  9:15  Overlord  
Show
View Real Time Build Order
Export as new Build Order

TheZergLord Zerg - Winner!

Build Orders: Hatch First 

Get SALT Encoding   

  12  0:01  Drone  
  13  0:12  Overlord  
  13  0:17  Drone  
  14  0:32  Drone x2  
  14  0:34  Drone  
  17  0:53  Hatchery  
  17  0:55  Drone  
  17  1:08  Spawning Pool  
  17  1:10  Extractor  
  15  1:13  Drone  
  15  1:17  Drone  
  17  1:20  Drone  
  18  1:29  Drone  
  19  1:40  Overlord  
  19  1:55  Queen  
  19  1:56  Zergling x2  
  22  2:02  Drone  
  22  2:06  Queen  
  22  2:08  Drone  
  26  2:11  Metabolic Boost  
  26  2:21  Drone x2  
  28  2:36  Queen  
  30  2:37  Baneling Nest  
  30  2:40  Zergling x6  
  32  2:52  Zergling x2  
  32  2:53  Zergling x2  
  32  2:54  Spine Crawler  
  32  3:03  Overlord  
  32  3:05  Zergling x2  
  33  3:07  Zergling x2  
  34  3:21  Baneling x3  
  34  3:22  Baneling x2  
  34  3:52  Hatchery  
  33  3:55  Drone  
  33  3:56  Drone x2  
  33  4:00  Overlord  
  33  4:02  Drone  
  37  4:30  Drone x7  
  44  4:43  Baneling x3  
  44  4:51  Drone  
  39  5:17  Zergling x2  
  39  5:18  Zergling x12  
  46  5:30  Overlord  
  46  5:31  Drone  
  47  5:39  Drone x2  
  47  5:41  Hatchery  
  48  5:45  Lair  
  48  5:46  Evolution Chamber  
  48  5:48  Roach Warren  
  46  5:50  Extractor  
  46  5:51  Drone x4  
  49  6:02  Drone x4  
  52  6:11  Baneling x2  
  52  6:12  Baneling  
  52  6:15  Drone x3  
  52  6:18  Zerg Missile Weapons Level 1  
  55  6:19  Extractor  
  55  6:21  Extractor  
  53  6:27  Drone x5  
  58  6:36  Overlord x2  
  58  6:37  Overlord x2  
  58  6:42  Glial Reconstitution  
  58  6:56  Roach x4  
  58  7:00  Overseer  
  66  7:05  Extractor  
  66  7:06  Extractor  
  66  7:07  Drone x4  
  66  7:08  Drone  
  69  7:13  Drone  
  69  7:14  Drone  
  70  7:23  Roach x3  
  70  7:24  Roach x4  
  85  7:30  Ravager x4  
  88  7:38  Roach x2  
  88  7:42  Overlord x6  
  88  7:43  Overlord x2  
  92  7:50  Overlord x3  
  92  8:02  Roach x4  
  92  8:03  Roach x3  
  106  8:11  Roach x4  
  114  8:18  Roach x2  
  110  8:31  Roach x6  
  110  8:32  Roach x2  
  124  8:49  Roach x4  
  124  8:50  Roach x4  
  140  8:58  Queen  
  142  9:05  Roach x3  
  148  9:14  Roach  
  148  9:15  Roach x6  
  162  9:23  Overlord  
Tags
 
Add a new tag
Caveats
  • Supply blocks, unpowered buildings, or Contaminate may cause inaccurate times.
  • Supply counts are checked every 10 seconds.